 Dungeon Crawl Stone Soup version 0.30-a0-879-ga8ba668304 (webtiles) character file.

Game seed: 9582800232085828881

158 Ijustatesigmund the Firebug (level 5, -3/37 HPs)
             Began as a Gnoll Fire Elementalist on Mar 13, 2023.
             Killed from afar by an orc wizard (8 damage)
             ... with a magic dart
             ... on level 3 of the Dungeon.
             The game lasted 00:04:34 (3191 turns).

Ijustatesigmund the Firebug (GnFE)                  Turns: 3191, Time: 00:04:35

Health: -3/37      AC:  3    Str:  7    XL:     5   Next: 39%
Magic:  4/12       EV: 13    Int: 16    God:
Gold:   70         SH:  0    Dex: 13    Spells: 11/14 levels left

rFire   . . .      SeeInvis .    f - +0 hand axe
rCold   . . .      Faith    .    (no shield)
rNeg    . . .      Spirit   .    a - +0 animal skin
rPois   .          Reflect  .    p - +0 helmet
rElec   .          Rampage  .    (no cloak)
rCorr   .                        (no gloves)
Will    .....                    (no boots)
Stlth   +++                      (no amulet)
HPRegen 0.26/turn                (no ring)
MPRegen 0.13/turn                (no ring)

@: no status effects
A: fangs 1, strong nose, distributed training
a: no special abilities


You were on level 3 of the Dungeon.
You visited 1 branch of the dungeon, and saw 3 of its levels.

You collected 103 gold pieces.
You spent 33 gold pieces at shops.

Inventory:

Hand Weapons
 f - a +0 hand axe (weapon)
Armour
 a - a +0 animal skin (worn)
 p - a +0 helmet (worn)
Jewellery
 o - the ring of Xeifuga {rF+ Int+4}
   (You found it on level 2 of the Dungeon)

   [ring of protection from fire]

   Int:       It affects your intelligence (+4).
   rF:        It protects you from fire.
Scrolls
 d - a scroll of acquirement {unknown}
 g - a scroll of amnesia {unknown}
 h - a scroll of immolation {unknown}
 j - a scroll of fear {unknown}
 k - a scroll of brand weapon {unknown}
 n - a scroll of teleportation {unknown}
 q - a scroll of identify {unknown}
 s - a scroll of torment {unknown}
Potions
 b - a potion of magic
 c - a potion of flight {unknown}
 e - a potion of degeneration {unknown}
 i - a potion of mutation {unknown}
 l - a potion of ambrosia {unknown}
 m - a potion of curing
 r - 2 potions of attraction {unknown}


   Skills:
 + Level 1.5 Fighting
 + Level 1.5 Short Blades
 + Level 1.5 Long Blades
 + Level 1.5 Axes
 + Level 1.5 Maces & Flails
 + Level 1.5 Polearms
 + Level 1.5 Staves
 + Level 1.5 Ranged Weapons
 + Level 1.5 Throwing
 + Level 1.5 Armour
 + Level 4.8 Dodging
 + Level 4.4 Stealth
 + Level 1.5 Shields
 + Level 1.5 Unarmed Combat
 + Level 5.2 Spellcasting
 + Level 2.4 Conjurations
 + Level 1.2 Hexes
 + Level 1.2 Summonings
 + Level 1.2 Necromancy
 + Level 1.2 Translocations
 + Level 1.2 Transmutations
 + Level 5.5 Fire Magic
 + Level 1.2 Ice Magic
 + Level 1.2 Air Magic
 + Level 1.2 Earth Magic
 + Level 1.2 Poison Magic
 + Level 1.7 Invocations
 + Level 1.5 Evocations


You had 11 spell levels left.
You knew the following spells:

 Your Spells              Type           Power      Damage    Failure   Level
a - Foxfire               Conj/Fire      68%        2x1d7     3%          1
b - Scorch                Fire           44%        2d7       2%          2

Your spell library contained the following spells:

 Spells                   Type           Power      Damage    Failure   Level
 Shock                    Conj/Air       40%        1d5       7%          1
 Inner Flame              Hex/Fire       15%        N/A       11%         3
 Kindle Blastsparks       Fire/Tloc/Air  24%        2d12      14%         3
 Swiftness                Air            8%         N/A       26%         3
 Flame Wave               Conj/Fire      17%        2d7       28%         4
 Airstrike                Air            4%         2d(1-17)  65%         4


Dungeon Overview and Level Annotations

Branches:
Dungeon (3/15)

Altars:

Shops:
D:1 !


Innate Abilities, Weirdness & Mutations

You have very sharp teeth.
Your uncanny sense of smell can sniff out nearby items.
Your experience applies equally to all skills.


Message History

Deactivating autopickup; reactivate with Ctrl-A.
The orc hits you with a +0 club.
Casting: Foxfire (safe; 3% risk of failure)
Confirm with . or Enter, or press ? or * to list all spells.
You conjure some foxfire!
The orc closely misses you.
You hear some strange, mumbled words.
A magic dart appears from out of thin air!
The magic dart hits you! Something hits you. The orc misses you.
Casting: Foxfire (safe; 3% risk of failure)
Confirm with . or Enter, or press ? or * to list all spells.
Nothing appears to happen.
The orc hits you with a +0 club. Something hits you.
* * * LOW HITPOINT WARNING * * *
Something hits you.
* * * LOW HITPOINT WARNING * * *
The orc hits you with a +0 club.
* * * LOW HITPOINT WARNING * * *
Unknown command.
Your foxfire dissipates!
You feel better. Something hits you.
Casting: Foxfire (safe; 3% risk of failure)
Confirm with . or Enter, or press ? or * to list all spells.
Flames lash the orc.
You kill the orc!
Something hits you.
* * * LOW HITPOINT WARNING * * *
Something hits you but does no damage.
Casting: Scorch (safe; 2% risk of failure)
Confirm with . or Enter, or press ? or * to list all spells.
Flames lash the orc.
The orc is heavily wounded.
The orc's fire resistance burns away.
You hear some strange, mumbled words.
A puff of flame appears from out of thin air!
The puff of flame hits you!
* * * LOW HITPOINT WARNING * * *
You hear some strange, mumbled words.
A magic dart appears from out of thin air!
The magic dart hits you!
You die...

#)###############
##>...............
.........###########
...................#
......########.###.#
......# #.###.#
......# #.#...#
####### #####...###
#.....#@# #.....#{#
#.....#o))#
#.....#.#....
#.....#.###....
#.....#.. ##.
#.....### #......


You could see an orc (combustible).

Vanquished Creatures
  A scorpion (D:3)
  Robin (D:3)
  2 adders (D:2)
  A worm (D:2)
  A dart slug (D:2)
  2 orcs (D:3)
  7 bats
  7 endoplasms
  4 giant cockroaches
  13 goblins
  8 hobgoblins
  A quokka (D:1)
  2 ball pythons
  A frilled lizard (D:1)
  3 kobolds
  3 rats
57 creatures vanquished.

Vanquished Creatures (others)
  134 foxfires
134 creatures vanquished.

Grand Total: 191 creatures vanquished

Notes
Turn   | Place    | Note
-------+----------+-------------------------------------------
     0 | D:1      | Ijustatesigmund the Gnoll Fire Elementalist began the quest
                  | for the Orb.
     0 | D:1      | Reached XP level 1. HP: 13/13 MP: 6/6
   239 | D:1      | Reached XP level 2. HP: 19/19 MP: 4/7
   242 | D:1      | Learned a level 2 spell: Scorch
   741 | D:1      | Found a faded altar of an unknown god.
  1070 | D:1      | Found Qasaecom's Distillery.
  1079 | D:1      | Bought a potion of curing for 33 gold pieces
  1252 | D:1      | Reached skill level 5 in Spellcasting
  1252 | D:1      | Reached XP level 3. HP: 21/25 MP: 2/9
  1592 | D:2      | Reached skill level 1 in Invocations
  1623 | D:2      | Reached skill level 1 in Fighting
  1623 | D:2      | Reached skill level 1 in Short Blades
  1623 | D:2      | Reached skill level 1 in Long Blades
  1623 | D:2      | Reached skill level 1 in Axes
  1623 | D:2      | Reached skill level 1 in Maces & Flails
  1623 | D:2      | Reached skill level 1 in Polearms
  1623 | D:2      | Reached skill level 1 in Staves
  1623 | D:2      | Reached skill level 1 in Ranged Weapons
  1623 | D:2      | Reached skill level 1 in Throwing
  1623 | D:2      | Reached skill level 1 in Armour
  1623 | D:2      | Reached skill level 1 in Shields
  1623 | D:2      | Reached skill level 1 in Unarmed Combat
  1623 | D:2      | Reached skill level 1 in Evocations
  1811 | D:2      | Identified the ring of Xeifuga {rF+ Int+4}
  2000 | D:2      | Reached XP level 4. HP: 32/32 MP: 8/11
  2553 | D:3      | Noticed Robin
  2570 | D:3      | Killed Robin
  2571 | D:3      | Reached skill level 1 in Hexes
  2571 | D:3      | Reached skill level 1 in Summonings
  2571 | D:3      | Reached skill level 1 in Necromancy
  2571 | D:3      | Reached skill level 1 in Translocations
  2571 | D:3      | Reached skill level 1 in Transmutations
  2571 | D:3      | Reached skill level 1 in Ice Magic
  2571 | D:3      | Reached skill level 1 in Air Magic
  2571 | D:3      | Reached skill level 1 in Earth Magic
  2571 | D:3      | Reached skill level 1 in Poison Magic
  2821 | D:3      | Noticed a scorpion
  2828 | D:3      | Killed a scorpion
  2829 | D:3      | Reached XP level 5. HP: 19/37 MP: 4/12
  3191 | D:3      | Killed from afar by an orc wizard

Illustrated notes

Levels and vault maps discovered:
D:1:      mrwooster_arrival_statue, layout_basic,
          shapermc_ecumenical_altar_starsandcircs, serial_corexii_hall,
          corexii_hall_statues_l, chequers_hall_statues_corner_a, serial_shops,
          nicolae_lakefront_shop, minmay_octomino_j4
D:2:      layout_basic
D:3:      layout_basic, uniq_robin

Skill      XL: |  1  2  3  4 |
---------------+-------------+-----
Conjurations   | 2 |  2.4
Spellcasting   | 5 |  5.2
Invocations    | 1 |  1.7
Fighting       | 1 |  1.5
Short Blades   | 1 |  1.5
Long Blades    | 1 |  1.5
Axes           | 1 |  1.5
Maces & Flails | 1 |  1.5
Polearms       | 1 |  1.5
Staves         | 1 |  1.5
Ranged Weapons | 1 |  1.5
Throwing       | 1 |  1.5
Armour         | 1 |  1.5
Shields        | 1 |  1.5
Unarmed Combat | 1 |  1.5
Evocations     | 1 |  1.5
Hexes          | 1 |  1.2
Summonings     | 1 |  1.2
Necromancy     | 1 |  1.2
Translocations | 1 |  1.2
Transmutations | 1 |  1.2
Ice Magic      | 1 |  1.2
Air Magic      | 1 |  1.2
Earth Magic    | 1 |  1.2
Poison Magic   | 1 |  1.2
Dodging        | |  4.8
Stealth        | |  4.4
Fire Magic     | |  5.5

Action                     |  1- 3 |  4- 6 || total
---------------------------+-------+-------++-------
  Melee: Unarmed           |     1 |       ||     1
         Hand axe          |     4 |     2 ||     6
         Bite              |     1 |       ||     1
   Cast: Foxfire           |    59 |    26 ||    85
         Scorch            |     8 |    13 ||    21
    Use: Potion            |       |     1 ||     1
 Armour: Robe              |     7 |     6 ||    13
         Animal skin       |       |     2 ||     2
  Dodge: Dodged            |    23 |    19 ||    42

Table legend: (Time is in decaauts)
 A = Elapsed time spent in this place.
 B = Non-inter-level travel time spent in this place.
 C = Inter-level travel time spent in this place.
 D = Time resting spent in this place.
 E = Time spent auto-exploring this place.
 F = Levels seen in this place.
 G = Mean time per level.
                   A        B        C        D        E       F      G
               +--------+--------+--------+--------+--------+-----+--------+
         Total |   3194 |   3082 |    112 |    581 |   2122 |   3 | 1064.7 |
       Dungeon |   3194 |   3082 |    112 |    581 |   2122 |   3 | 1064.7 |
               +--------+--------+--------+--------+--------+-----+--------+

Top non-repeatable levels by time:
     D:1: 1525 daAuts
     D:2: 1449 daAuts
     D:3: 219 daAuts
